 Dungeon Crawl Stone Soup version 0.30-a0-1053-gbd8d5ba0ad (webtiles) character file.

Game seed: 4844284276477480621

57 qeuew the Grave Robber (level 4, -1/38 HPs)
             Began as a Gnoll Wanderer on Apr 11, 2023.
             Was an Initiate of Fedhas.
             Slain by an orc
             ... wielding a +0 short sword
              (3 damage)
             ... on level 3 of the Dungeon.
             The game lasted 00:02:44 (2221 turns).

qeuew the Grave Robber (Gnoll Wanderer)             Turns: 2221, Time: 00:02:45

Health: -1/38      AC:  3    Str: 20    XL:     4   Next: 0%
Magic:  0/8        EV: 11    Int: 14    God:    Fedhas [......]
Gold:   111        SH:  0    Dex:  8    Spells: 7/8 levels left

rFire   . . .      SeeInvis .    g - +0 mace
rCold   . . .      Faith    .    (no shield)
rNeg    . . .      Spirit   .    c - +0 leather armour
rPois   .          Reflect  .    (no helmet)
rElec   .          Rampage  .    (no cloak)
rCorr   .                        (no gloves)
Will    .....                    (no boots)
Stlth   ++                       (no amulet)
HPRegen 0.26/turn                f - +6 ring of strength
MPRegen 0.11/turn                (no ring)

@: no status effects
A: fangs 1, strong nose, distributed training
a: Renounce Religion


You were on level 3 of the Dungeon.
You worshipped Fedhas.
Fedhas was noncommittal.
You visited 1 branch of the dungeon, and saw 3 of its levels.

You collected 111 gold pieces.

Inventory:

Hand Weapons
 g - a +0 mace (weapon)
Armour
 c - a +0 leather armour (worn)
Jewellery
 f - a +6 ring of strength (left hand)
Scrolls
 d - a scroll of teleportation


   Skills:
 + Level 4.6 Fighting
 + Level 1.0 Short Blades
 + Level 1.0 Long Blades
 + Level 1.0 Axes
 + Level 1.0 Maces & Flails
 + Level 1.0 Polearms
 + Level 1.0 Staves
 + Level 1.0 Ranged Weapons
 + Level 1.0 Throwing
 + Level 2.7 Armour
 + Level 2.7 Dodging
 + Level 2.5 Stealth
 + Level 1.0 Shields
 + Level 1.0 Unarmed Combat
 + Level 2.9 Spellcasting
 + Level 2.2 Conjurations
 + Level 0.8 Hexes
 + Level 0.8 Summonings
 + Level 5.4 Necromancy
 + Level 0.8 Translocations
 + Level 0.8 Transmutations
 + Level 0.8 Fire Magic
 + Level 0.8 Ice Magic
 + Level 0.8 Air Magic
 + Level 0.8 Earth Magic
 + Level 0.8 Poison Magic
 + Level 1.1 Invocations
 + Level 1.0 Evocations


You had 7 spell levels left.
You knew the following spells:

 Your Spells              Type           Power      Damage    Failure   Level
a - Shock                 Conj/Air       24%        1d4       13%         1

Your spell library contained the following spells:

 Spells                   Type           Power      Damage    Failure   Level
 Kiss of Death            Conj/Necr      48%        2d9       4%          1
 Cigotuvi's Dreadful Rot  Necr/Pois/Air  16%        N/A       14%         2
 Mephitic Cloud           Conj/Pois/Air  5%         N/A       41%         3
 Anguish                  Hex/Necr       5%         N/A       56%         4


Dungeon Overview and Level Annotations

Branches:
Dungeon (3/15)

Altars:
Fedhas


Innate Abilities, Weirdness & Mutations

You have very sharp teeth.
Your uncanny sense of smell can sniff out nearby items.
Your experience applies equally to all skills.


Message History

You barely miss the orc.
The orc is moderately wounded.
The orc hits you with a +0 short sword.
* * * LOW HITPOINT WARNING * * *
You hit the orc. Your bite misses the orc.
The orc is heavily wounded.
The orc hits you but does no damage. The orc closely misses you.
You completely miss the orc.
The orc is heavily wounded.
The orc hits you with a +0 short sword.
* * * LOW HITPOINT WARNING * * *
You closely miss the orc. Your bite misses the orc.
The orc is heavily wounded.
The orc hits you with a +0 short sword.
* * * LOW HITPOINT WARNING * * *
You feel better. The orc closely misses you.
You closely miss the orc.
The orc is heavily wounded.
The orc barely misses you. The orc closely misses you.
You hit the orc but do no damage.
The orc is heavily wounded.
The orc hits you with a +0 short sword.
* * * LOW HITPOINT WARNING * * *
You hit the orc but do no damage.
The orc is heavily wounded.
The orc hits you with a +0 short sword.
* * * LOW HITPOINT WARNING * * *
Aiming: Shock (safe; 13% risk of failure)
Press: ? - help, Q - select action Shift-Dir - straight line The zap hits the orc.
The orc is severely wounded.
The zap hits the orc.
The orc is almost dead.
The orc hits you with a +0 short sword.
* * * LOW HITPOINT WARNING * * *
You closely miss the orc.
The orc is almost dead.
The orc hits you with a +0 short sword.
You die...
Fedhas appreciates your contribution to the ecosystem.

.# .# .# .# .#
..#. >#..... #
.#... # ... ...
...
#....#####)#...#
.......<.@)....#
........##o#.#.#
......... .#
.....####..#
#..#. ..# #.∆#
.# # ..∆ :##


You could see an orc.

Vanquished Creatures
  A worm (D:2)
  2 dart slugs (D:2)
  4 orcs (D:3)
  5 ball pythons (D:1)
  4 endoplasms
  4 goblins
  5 kobolds (D:2)
  4 quokkas
  5 bats
  3 frilled lizards
  9 rats
46 creatures vanquished.

Notes
Turn   | Place    | Note
-------+----------+-------------------------------------------
     0 | D:1      | qeuew the Gnoll Wanderer began the quest for the Orb.
     0 | D:1      | qeuew set off with the following items: a +0 club, a potion
                  | of lignification, a +0 leather armour, a scroll of
                  | teleportation; and the following spells available to
                  | memorise: Kiss of Death, Shock, Cigotuvi's Dreadful Rot,
                  | Mephitic Cloud, Anguish.
     0 | D:1      | Reached XP level 1. HP: 20/20 MP: 4/4
     2 | D:1      | Learned a level 1 spell: Shock
   275 | D:1      | Reached XP level 2. HP: 26/26 MP: 2/5
  1160 | D:2      | Reached XP level 3. HP: 31/31 MP: 4/7
  1403 | D:2      | Reached skill level 1 in Invocations
  1819 | D:2      | Reached skill level 1 in Short Blades
  1819 | D:2      | Reached skill level 1 in Long Blades
  1819 | D:2      | Reached skill level 1 in Axes
  1819 | D:2      | Reached skill level 1 in Maces & Flails
  1819 | D:2      | Reached skill level 1 in Polearms
  1819 | D:2      | Reached skill level 1 in Staves
  1819 | D:2      | Reached skill level 1 in Ranged Weapons
  1819 | D:2      | Reached skill level 1 in Throwing
  1819 | D:2      | Reached skill level 1 in Shields
  1819 | D:2      | Reached skill level 1 in Unarmed Combat
  1819 | D:2      | Reached skill level 1 in Evocations
  2013 | D:2      | Found a blossoming altar of Fedhas.
  2156 | D:2      | Became a worshipper of Fedhas Madash
  2209 | D:3      | Reached XP level 4. HP: 14/38 MP: 1/8
  2221 | D:3      | Slain by an orc

Illustrated notes

Levels and vault maps discovered:
D:1:      elethiomel_arrival_infinity_welcomes_careful_drivers, layout_basic
D:2:      layout_rooms, basic_altar
D:3:      layout_basic, minmay_randomly_rotated_circles, uniq_ijyb

Skill      XL: |  1  2  3 |
---------------+----------+-----
Conjurations   | 2 |  2.2
Invocations    | 1 |  1.1
Short Blades   | 1 |  1.0
Long Blades    | 1 |  1.0
Axes           | 1 |  1.0
Maces & Flails | 1 |  1.0
Polearms       | 1 |  1.0
Staves         | 1 |  1.0
Ranged Weapons | 1 |  1.0
Throwing       | 1 |  1.0
Shields        | 1 |  1.0
Unarmed Combat | 1 |  1.0
Evocations     | 1 |  1.0
Fighting       | |  4.6
Armour         | |  2.7
Dodging        | |  2.7
Stealth        | |  2.5
Spellcasting   | |  2.9
Hexes          | |  0.8
Summonings     | |  0.8
Necromancy     | |  5.4
Translocations | |  0.8
Transmutations | |  0.8
Fire Magic     | |  0.8
Ice Magic      | |  0.8
Air Magic      | |  0.8
Earth Magic    | |  0.8
Poison Magic   | |  0.8

Action                     |  1- 3 |  4- 6 || total
---------------------------+-------+-------++-------
  Melee: Club              |    55 |       ||    55
         Bite              |     8 |       ||     8
         Mace              |    17 |    10 ||    27
   Cast: Shock             |    80 |     2 ||    82
    Use: Potion            |     2 |     1 ||     3
         Scroll            |     1 |       ||     1
 Armour: Leather armour    |    22 |     2 ||    24
  Dodge: Dodged            |    69 |     6 ||    75

Table legend: (Time is in decaauts)
 A = Elapsed time spent in this place.
 B = Non-inter-level travel time spent in this place.
 C = Inter-level travel time spent in this place.
 D = Time resting spent in this place.
 E = Time spent auto-exploring this place.
 F = Levels seen in this place.
 G = Mean time per level.
                   A        B        C        D        E       F      G
               +--------+--------+--------+--------+--------+-----+--------+
         Total |   2244 |   2055 |    189 |      0 |   1753 |   3 |  748.0 |
       Dungeon |   2244 |   2055 |    189 |      0 |   1753 |   3 |  748.0 |
               +--------+--------+--------+--------+--------+-----+--------+

Top non-repeatable levels by time:
     D:1: 1177 daAuts
     D:2: 1030 daAuts
     D:3: 36 daAuts
